 Dungeon Crawl Stone Soup version 0.27-a0-1529-g1e82c303ef (webtiles) character file.

Game seed: 7223296268057055770

33 Wyvernaa the Shield-Bearer (level 3, -2/19 HPs)
             Began as a Vine Stalker Fighter on July 11, 2021.
             Slain by Sigmund (3 damage)
             ... on level 2 of the Dungeon.
             The game lasted 00:03:37 (1558 turns).

Wyvernaa the Shield-Bearer (Vine Stalker Fighter)   Turns: 1558, Time: 00:03:38

Health: -2/19      AC:  6    Str: 19    XL:     3   Next: 29%
Magic:  0/4        EV:  7    Int:  8    God:
Gold:   150        SH:  0    Dex: 13    Spells: 2/2 levels left

rFire    . . .     SeeInvis .   a - +3 trident
rCold    . . .     Faith    .   c - +0 kite shield
rNeg     . . .     Spirit   +   b - +0 scale mail
rPois    .         Reflect  .   (no helmet)
rElec    .         Harm     .   (no cloak)
rCorr    .         Rampage  .   (no gloves)
Will     .....                  (no boots)
Stlth    ..........             (no amulet)
HPRegen  0.06/turn              (no ring)
MPRegen  0.09/turn              (no ring)

@: confused, mighty
A: fangs 2, magic shield, antimagic bite, no potion heal 2
a: no special abilities


You were on level 2 of the Dungeon.
You visited 1 branch of the dungeon, and saw 2 of its levels.

You collected 150 gold pieces.

Inventory:

Hand Weapons
 a - a +3 trident (weapon)
 e - a +2 dagger of venom
Armour
 b - a +0 scale mail (worn)
 c - a +0 kite shield (worn)
Potions
 f - a potion of degeneration {unknown}
 h - a potion of curing {unknown}
 j - a potion of magic {unknown}
 k - a potion of mutation
 l - a potion of flight {unknown}
 m - a potion of haste


   Skills:
 + Level 2.9 Fighting
 + Level 2.1 Polearms
 + Level 2.6 Armour
 * Level 1.5 Stealth
 + Level 3.0 Shields
 * Level 0.1 Spellcasting


You had 2 spell levels left.
You didn't know any spells.
Your spell library was empty.

Dungeon Overview and Level Annotations

Branches:
Dungeon (2/15)

Altars:

Annotations:
D:2 Sigmund


Innate Abilities, Weirdness & Mutations

You have extremely sharp teeth.
When hurt, damage is shared between your health and your magic reserves.
Your bite disrupts and absorbs the magic of your enemies.
Potions cannot restore your health.


Message History

A kobold comes into view. It is wielding a +0 club.
The kobold shouts!
You reach to attack!
You puncture the kobold!
You kill the kobold!
No target in view!
No target in view!
Things that are here:
a +0 club; a stone
Found a weird runed staff.
You see here a staff of death.
You see here a staff of death.
You open the door.
There is an open door here.
There is an open door, spattered with blood here.
Things that are here:
a +0 club; a goblin corpse You open the door.
There is an open door here.
As you open the door, it creaks loudly!
There is an open door here.
There is a stone staircase leading up here.
There is a stone staircase leading down here.
A frilled lizard comes into view.
The frilled lizard hisses angrily.
A rat comes into view.
You reach to attack!
You hit the frilled lizard.
You kill the frilled lizard!
You reach to attack!
You barely miss Sigmund. Sigmund casts a spell at you.
You are confused.
Sigmund hits you but does no damage.
You are too confused!
Sorry, you're not good enough to have a special ability.
You feel very mighty all of a sudden.
Sigmund hits you from afar with a +3 scythe of freezing!
Sigmund freezes you.
Sigmund hits you with a +3 scythe of freezing!
* * * LOW HITPOINT WARNING * * *
Sigmund freezes you.
You die...

.....##.#.# . ......... ..
........ ... ...... .... ....#
..... ...# #.....#..#
#....r@@.# ...#####.# ## ##
#.# #.. ..# #.# #.# #.# #.#
###.####.#####.#
#......#.#.....#########
#.#.#....#.##..........#
#.#..#.#.#†##.<.######.#######


You could see Sigmund and a rat.

Vanquished Creatures
  An adder (D:2)
  2 giant cockroaches (D:1)
  6 goblins
  A hobgoblin (D:2)
  2 jackals (D:2)
  4 kobolds
  3 ball pythons
  A bat (D:1)
  A frilled lizard (D:2)
  2 rats (D:1)
23 creatures vanquished.

Notes
Turn   | Place    | Note
-------+----------+-------------------------------------------
     0 | D:1      | Wyvernaa the Vine Stalker Fighter began the quest for the
                  | Orb.
     0 | D:1      | Reached XP level 1. HP: 11/11 MP: 2/2
   206 | D:1      | Reached XP level 2. HP: 15/16 MP: 1/3
   263 | D:1      | Found a faded altar of an unknown god.
   487 | D:1      | Reached skill level 1 in Stealth
   663 | D:2      | Noticed Sigmund
   998 | D:2      | Reached XP level 3. HP: 19/19 MP: 4/4
   999 | D:2      | Reached skill level 3 in Shields
  1558 | D:2      | Slain by Sigmund

Illustrated notes

Levels and vault maps discovered:
D:1:      dpeg_arrival_connections, layout_basic,
          shapermc_ecumenical_altar_flowoftime, serial_bayou_lagoon_a,
          hangedman_decor_push
D:2:      layout_loops_corners, uniq_sigmund, uniq_crazy_yiuf_cottage

Skill      XL: |  1  2  3 |
---------------+----------+-----
Stealth        | 1 |  1.5
Polearms       | 2 |  2.1
Shields        | 3 |  3.0
Fighting       | |  2.9
Armour         | |  2.6
Spellcasting   | |  0.1

Action                   || total
-------------------------++-------
Melee: Trident           ||    62
       Bite              ||     9
  Use: Scroll            ||     5
       Potion            ||     1
Armor: Scale mail        ||    24
Dodge: Dodged            ||    20
Block: Kite shield       ||    26

Table legend: (Time is in decaauts)
 A = Elapsed time spent in this place.
 B = Non-inter-level travel time spent in this place.
 C = Inter-level travel time spent in this place.
 D = Time resting spent in this place.
 E = Time spent auto-exploring this place.
 F = Levels seen in this place.
 G = Mean time per level.
                   A        B        C        D        E       F      G
               +--------+--------+--------+--------+--------+-----+--------+
         Total |   1591 |   1580 |     11 |    185 |   1136 |   2 |  795.5 |
       Dungeon |   1591 |   1580 |     11 |    185 |   1136 |   2 |  795.5 |
               +--------+--------+--------+--------+--------+-----+--------+

Top non-repeatable levels by time:
     D:1: 862 daAuts
     D:2: 728 daAuts
